 Dungeon Crawl Stone Soup version 0.27-a0-417-g317cea8a3c (webtiles) character file.

Game seed: 17484101031941752573

156 HoaS the Twirler (level 4, -9/36 HPs)
             Began as a Demigod Gladiator on Feb 25, 2021.
             Killed from afar by Ijyb (16 damage)
             ... with a bolt of acid
             ... on level 3 of the Dungeon.
             The game lasted 00:03:30 (2178 turns).

HoaS the Twirler (Demigod Gladiator)                Turns: 2178, Time: 00:03:30

Health: -9/36      AC:  5    Str: 19    XL:     4   Next: 91%
Magic:  6/6        EV:  8    Int: 10    God:
Gold:   138        SH:  0    Dex: 15    Spells: 3/3 levels left

rFire    . . .     SeeInvis .   a - +1 quarterstaff
rCold    . . .     Faith    .   (shield currently unavailable)
rNeg     . . .     Spirit   .   g - +0 chain mail
rPois    .         Reflect  .   c - +0 helmet
rElec    .         Harm     .   (no cloak)
rCorr    .         Rampage  .   (no gloves)
Will     .....                  (no boots)
Stlth    ..........             (no amulet)
HPRegen  0.12/turn              (no ring)
MPRegen  0.10/turn              (no ring)

@: corroded
A: high mp 1
a: no special abilities


You were on level 3 of the Dungeon.
You visited 1 branch of the dungeon, and saw 3 of its levels.

You collected 138 gold pieces.

Inventory:

Hand Weapons
 a - a +1 quarterstaff (weapon)
Missiles
 d - 3 throwing nets (quivered)
Armour
 c - a +0 helmet (worn)
 g - a +0 chain mail (worn)
Jewellery
 h - a ring of fire
Scrolls
 i - 2 scrolls of teleportation
Potions
 b - a potion of mutation {unknown}
 e - 3 potions of berserk rage
 f - a potion of flight {unknown}
 j - a potion of curing {unknown}
 k - a potion of resistance {unknown}
 l - 2 potions of cancellation {unknown}
 m - a potion of heal wounds {unknown}


   Skills:
 - Level 1.7 Fighting
 + Level 5.3 Staves
 - Level 1.7 Throwing
 - Level 2.6 Dodging


You had 3 spell levels left.
You didn't know any spells.
Your spell library was empty.

Dungeon Overview and Level Annotations

Branches:
Dungeon (3/15)

Annotations:
D:3 Ijyb


Innate Abilities, Weirdness & Mutations

You have an increased reservoir of magic. (+10% MP)


Message History

The worm barely misses you.
You sock the worm!
You kill the worm!
No target in view!
Found a stone staircase leading up.
Ijyb the Twisted Goblin comes into view.
She is carrying a wand of acid (5).
Ijyb shouts!
Ijyb moves out of view.
Found 2 gold pieces.
Ijyb hits you but does no damage.
You closely miss Ijyb.
A goblin comes into view. It is wielding a +0 club.
Ijyb hits you but does no damage.
You barely miss Ijyb. Ijyb hits you.
You hit Ijyb.
Ijyb is moderately wounded.
Ijyb hits you.
You sock Ijyb!
Ijyb is heavily wounded.
Ijyb hits you but does no damage.
You barely miss Ijyb.
Ijyb is heavily wounded.
The goblin hits you but does no damage.
Ijyb zaps a wand.
The bolt of acid hits you! The acid corrodes you!
You are splashed with acid!
* * * LOW HITPOINT WARNING * * *
The bolt of acid hits the goblin!
The goblin is splashed with acid!
The acid corrodes the goblin!
The goblin dies!
Found 19 poisoned darts.
You hit Ijyb but do no damage.
Ijyb is heavily wounded.
Ijyb hits you.
* * * LOW HITPOINT WARNING * * *
You hit Ijyb.
Ijyb is severely wounded.
Ijyb hits you but does no damage. x2
You barely miss Ijyb.
Ijyb is severely wounded.
Ijyb zaps a wand.
The bolt of acid hits you!
You die...

..###.....# . . #..
#.# #.............##
... #.#
#.....#........# .#.
#.#########........
#..# #......$# ##.#
#.......# #.#
#.......# #.###
#.......# ##.
#...####
#..(.)@.#....
###....#######.g...#
####...# #....####
###.###....####
#.............
#####....#####
######


You could see Ijyb.

Vanquished Creatures
  Jessica (D:2)
  Natasha (twice) (D:2)
  An adder (D:2)
  2 worms
  2 dart slugs (D:1)
  2 leopard geckos (D:3)
  An orc (D:3)
  A ball python (D:1)
  7 bats
  A giant cockroach (D:3)
  10 hobgoblins
  4 jackals (D:2)
  5 kobolds
  A quokka (D:3)
  5 frilled lizards
  7 goblins
  5 rats
57 creatures vanquished.

Vanquished Creatures (others)
  A goblin (D:3)
1 creature vanquished.

Grand Total: 58 creatures vanquished

Notes
Turn   | Place    | Note
-------+----------+-------------------------------------------
     0 | D:1      | HoaS the Demigod Gladiator began the quest for the Orb.
     0 | D:1      | Reached XP level 1. HP: 17/17 MP: 3/3
   118 | D:1      | Reached skill level 3 in Staves
   220 | D:1      | Reached XP level 2. HP: 20/24 MP: 4/4
   791 | D:2      | Reached skill level 4 in Staves
   791 | D:2      | Reached XP level 3. HP: 19/29 MP: 5/5
   990 | D:2      | Found an opulent altar of Gozag.
  1036 | D:2      | Noticed Jessica
  1044 | D:2      | Killed Jessica
  1178 | D:2      | Noticed Natasha
  1251 | D:2      | Killed Natasha
  1252 | D:2      | Reached XP level 4. HP: 21/36 MP: 6/6
  1717 | D:2      | Noticed Natasha
  1721 | D:2      | Killed Natasha
  1722 | D:2      | Reached skill level 5 in Staves
  1998 | D:3      | Found a glowing golden altar of the Shining One.
  2166 | D:3      | Noticed Ijyb
  2178 | D:3      | Killed from afar by Ijyb

Illustrated notes

Levels and vault maps discovered:
D:1:      dpeg_arrival_refuge, layout_loops_ring, minmay_split_cup_large
D:2:      layout_basic, grunt_gozag_statues, uniq_natasha, uniq_jessica
D:3:      layout_rooms, lemuel_round_altar, grunt_decor_arrowhead, uniq_ijyb

Skill      XL: |  1  2  3  4 |
---------------+-------------+-----
Staves         | 3 4 5 |  5.3
Fighting       | |  1.7
Throwing       | |  1.7
Dodging        | |  2.6

Action                   |  1- 3 |  4- 6 || total
-------------------------+-------+-------++-------
Melee: Quarterstaff      |    90 |    79 ||   169
  Use: Scroll            |     3 |     1 ||     4
Armor: Leather armour    |     1 |       ||     1
       Chain mail        |    37 |    41 ||    78
Dodge: Dodged            |    32 |    22 ||    54

Table legend: (Time is in decaauts)
 A = Elapsed time spent in this place.
 B = Non-inter-level travel time spent in this place.
 C = Inter-level travel time spent in this place.
 D = Time resting spent in this place.
 E = Time spent auto-exploring this place.
 F = Levels seen in this place.
 G = Mean time per level.
                   A        B        C        D        E       F      G
               +--------+--------+--------+--------+--------+-----+--------+
         Total |   2192 |   2095 |     97 |    466 |   1273 |   3 |  730.7 |
       Dungeon |   2192 |   2095 |     97 |    466 |   1273 |   3 |  730.7 |
               +--------+--------+--------+--------+--------+-----+--------+

Top non-repeatable levels by time:
     D:2: 1108 daAuts
     D:1: 715 daAuts
     D:3: 367 daAuts
